 Dungeon Sprint DCSS version 0.29.1-15-g9cfb28693d (webtiles) character file.

Game seed: 18408392638747782355

0 boopmooplesden the Poker (level 2, -1/30 HPs)
             Began as a Minotaur Berserker on Mar 23, 2023.
             Was a Follower of Trog.
             Slain by Sigmund
             ... wielding a +0 scythe
              (12 damage)
             ... in the Dungeon (Sprint VI: "Thunderdome").
             The game lasted 00:00:37 (84 turns).

boopmooplesden the Poker (Minotaur Berserker)         Turns: 84, Time: 00:00:37

Health: -1/30      AC:  0    Str: 21    XL:     2   Next: 89%
Magic:  1/1        EV: 14    Int:  4    God:    Trog [*.....]
Gold:   65         SH:  0    Dex:  9    Spells: 1/1 levels left

rFire   + + .      SeeInvis .   (weapon currently unavailable)
rCold   . . .      Faith    .   (shield currently unavailable)
rNeg    . . .      Spirit   .   (body armour currently unavailable)
rPois   .          Reflect  .   (helmet currently unavailable)
rElec   .          Harm     .   (cloak currently unavailable)
rCorr   .          Rampage  .   (gloves currently unavailable)
Will    .....      NoTele   +   (boots currently unavailable)
Stlth   ++........              m - amulet of Eternal Harmony {Fly rF++ Regen+ Stlth+}
HPRegen 0.10/turn               (ring currently unavailable)
MPRegen 0.07/turn               (ring currently unavailable)

@: pig-form, on berserk cooldown, flying, slowed
A: fast, no casting, small, (horns 2), (retaliatory headbutt)
a: Renounce Religion, Berserk


You were in the Dungeon.
You worshipped Trog.
Trog was aware of your devotion.
You were a filthy swine.
You visited 1 branch You collected 200 gold pieces.
You spent 135 gold pieces at shops.

Inventory:

Hand Weapons
 a - a +0 spear (melded)
Armour
 b - a +0 animal skin (melded)
Jewellery
 m - the amulet of Eternal Harmony (around neck) {Fly rF++ Regen+ Stlth+}
   (You bought it in a shop in the Dungeon)

   [amulet of regeneration]

   rF:        It greatly protects you from fire.
   Fly:       It grants you flight.
   Regen:     It increases your rate of health regeneration.
   Stlth:     It makes you more stealthy.
 n - the ring of the Burgomaster (melded) {rPois Dex+7}
   (You bought it in a shop in the Dungeon)

   [ring of poison resistance]

   Dex:       It affects your dexterity (+7).
   rPois:     It protects you from poison.
 o - the ring "Tauxur" (melded) {Drain rF++ rN+ rCorr EV+4}
   (You bought it in a shop in the Dungeon)

   [ring of evasion]

   EV:        It affects your evasion (+4).
   rF:        It greatly protects you from fire.
   rN:        It protects you from negative energy.
   rCorr:     It protects you from acid and corrosion.
   Drain:     It drains your maximum health when unequipped.
Wands
 j - a wand of quicksilver (5)
 k - a wand of iceblast (5)
Scrolls
 h - 4 scrolls of blinking
 l - 3 scrolls of butterflies
Potions
 c - a potion of curing
 d - 4 potions of heal wounds
 e - 4 potions of haste
 f - 2 potions of magic
 g - a potion of berserk rage
 i - a potion of resistance


   Skills:
 + Level 5.6 Fighting
 + Level 5.7 Polearms
 + Level 3.2 Armour
 + Level 3.0 Dodging


You had one spell level left.
You didn't know any spells.
Your spell library was empty.

Dungeon Overview and Level Annotations

Branches:
Dungeon (1/1)

Altars:
Cheibriados
Dithmenos
Gozag
Kikubaaqudgha
Makhleb
Okawaru
Qazlal
Ru
Trog
Vehumet
Yredelemnul
Lugonu

Shops:
D *[?**[(

Annotations:
D Sigmund


Innate Abilities, Weirdness & Mutations

You are a filthy swine.
You move quickly.
Your equipment is almost entirely melded.
You are incapable of wielding weapons or throwing items.
You cannot cast spells.
((You have a pair of horns on your head.))
((You reflexively headbutt those who attack you in melee.))


Message History

You start resting.
Sigmund is nearby!
Sigmund is nearby!
Sigmund is nearby!
Sigmund is nearby!
Sigmund shouts!
A red film seems to cover your vision as you go berserk!
You feel yourself moving faster!
You feel mighty!
Sigmund casts a spell.
Sigmund flickers and vanishes!
Deactivating autopickup; reactivate with Ctrl-A.
You feel a strong urge to attack something.
You barely miss something.
You hear a zap.
You turn into a filthy swine.
Your +0 spear melds into your body.
Your +0 animal skin melds into your body.
The ring of the Burgomaster {rPois Dex+7} melds into your body.
The ring "Tauxur" {Drain rF++ rN+ rCorr EV+4} melds into your body.
You miss something. You bite something! Something hits you!
You closely miss something. You barely miss something.
You hear some strange, mumbled words.
Something tries to affect you, but you resist.
You closely miss something. You miss something. Something hits you.
You closely miss something. You barely miss something. Something hits you.
You closely miss something. You closely miss something. Something hits you!
You hit something. You miss something.
You are no longer berserk.
You are exhausted.
You feel yourself slow down.
You hear some strange, mumbled words.
A puff of flame appears from out of thin air!
The puff of flame misses you.
You barely miss something. Something hits you!
You die...

##.___......# .....
###∩........8.# .8...
##...).........###.....
#⌠..........###...# .
#@†.........# #.<.# ..
#⌠..........###...# ...
##.............###......
###∩.......{8.# .8....
##∩__.....h.###......
######.8.........8.#
#⌠...........⌠#
###.........###
#_......._# #_........#
#_......._# #∩.......∩#
##∩.....∩##


There were no monsters in sight!

Vanquished Creatures
  Terence (D)
  A giant cockroach (D)
2 creatures vanquished.

Notes
Turn   | Place    | Note
-------+----------+-------------------------------------------
     0 | D        | boopmooplesden the Minotaur Berserker began the quest for
                  | the Orb.
     0 | D        | Reached XP level 1. HP: 19/19 MP: 0/0
     3 | D        | Found a radiant altar of Vehumet.
     3 | D        | Found an iron altar of Okawaru.
     4 | D        | Found a snail-covered altar of Cheibriados.
     4 | D        | Found a stormy altar of Qazlal.
     5 | D        | Found a bloodstained altar of Trog.
     5 | D        | Found a sacrificial altar of Ru.
     5 | D        | Round 1.
     6 | D        | Found a corrupted altar of Lugonu.
     6 | D        | Found Rihoiss's Identification Station.
     7 | D        | Found Baphat's Jewellery.
     7 | D        | Found Daugg's Advanced Armour.
     9 | D        | Noticed Terence
    18 | D        | Killed Terence
    19 | D        | Reached skill level 5 in Fighting
    19 | D        | Reached skill level 5 in Polearms
    19 | D        | Reached XP level 2. HP: 29/29 MP: 1/1
    42 | D        | Bought a pitted graven amulet for 45 gold pieces
    42 | D        | Identified the amulet of Eternal Harmony {Fly rF++ Regen+
                  | Stlth+} (You bought it in a shop in the Dungeon)
    42 | D        | Bought a vibrating granite ring for 45 gold pieces
    42 | D        | Identified the ring of the Burgomaster {rPois Dex+7} (You
                  | bought it in a shop in the Dungeon)
    42 | D        | Bought a warped bone ring for 45 gold pieces
    42 | D        | Identified the ring "Tauxur" {Drain rF++ rN+ rCorr EV+4}
                  | (You bought it in a shop in the Dungeon)
    52 | D        | Found a shadowy altar of Dithmenos.
    53 | D        | Noticed Sigmund
    53 | D        | Found an opulent altar of Gozag.
    54 | D        | Found a burning altar of Makhleb.
    55 | D        | Found Taesys's Premium Goods.
    56 | D        | Found Pyleomyd's Miscellaneous Merchandise.
    56 | D        | Found Porchar's Basic Armour.
    57 | D        | Found a basalt altar of Yredelemnul.
    57 | D        | Found an ancient bone altar of Kikubaaqudgha.
    57 | D        | Found Tale's Weapon Rack.
    84 | D        | Slain by Sigmund

Illustrated notes

Levels and vault maps discovered:
D:        arena_sprint

Skill      XL: |  1 |
---------------+----+-----
Fighting       | 5 |  5.6
Polearms       | 5 |  5.7
Armour         | 3 |  3.2
Dodging        | 3 |  3.0

Action                   || total
-------------------------++-------
Melee: Spear             ||     7
       Headbutt          ||     2
       Unarmed           ||    13
Invok: Berserk           ||     2
Dodge: Dodged            ||     5
